 Dungeon Crawl Stone Soup version 0.27-a0-1147-gb3d8e82157 (webtiles) character file.

Game seed: 14105681940482420073

116 Wyvernaa the Chiller (level 4, -3/38 HPs)
             Began as a Deep Dwarf Ice Elementalist on May 12, 2021.
             Slain by an orc priest
             ... wielding a +0 short sword
              (4 damage)
             ... on level 3 of the Dungeon.
             The game lasted 00:18:22 (4007 turns).

Wyvernaa the Chiller (Deep Dwarf Ice Elementalist)  Turns: 4007, Time: 00:18:23

Health: -3/38      AC:  2    Str: 12    XL:     4   Next: 70%
Magic:  2/8        EV: 12    Int: 16    God:
Gold:   64         SH:  5    Dex: 13    Spells: 1/8 levels left

rFire    . . .     SeeInvis .   j - +0 dagger (vamp)
rCold    . . .     Faith    .   (no shield)
rNeg     . . .     Spirit   .   a - +0 robe
rPois    .         Reflect  +   (no helmet)
rElec    .         Harm     .   (no cloak)
rCorr    .         Rampage  .   (no gloves)
Will     .....                  (no boots)
Stlth    ++........             b - amulet of reflection
HPRegen  0.00/turn              (no ring)
MPRegen  0.11/turn              (no ring)

@: no status effects
A: damage resistance, heal wounds, sense surroundings 1, no regeneration
a: Heal Wounds


You were on level 3 of the Dungeon.
You visited 1 branch of the dungeon, and saw 3 of its levels.

You collected 64 gold pieces.

Inventory:

Hand Weapons
 j - a +0 vampiric dagger (weapon)
Armour
 a - a +0 robe (worn)
Jewellery
 b - an amulet of reflection (around neck)
Scrolls
 h - a scroll of vulnerability {unknown}
 i - a scroll of acquirement {unknown}
Potions
 c - a potion of lignification {unknown}
 d - 2 potions of haste
 e - a potion of heal wounds {unknown}
 f - a potion of degeneration {unknown}


   Skills:
 * Level 1.3 Fighting
 * Level 0.1 Short Blades
 * Level 2.6 Dodging
 + Level 2.5 Stealth
 + Level 2.7 Spellcasting
 * Level 4.5 Ice Magic


You had one spell level left.
You knew the following spells:

 Your Spells              Type           Power      Damage    Failure   Level
a - Freeze                Ice            64%        1d8       3%          1
b - Ozocubu's Armour      Ice            16%        N/A       9%          3
c - Frozen Ramparts       Ice            32%        1d5       9%          3

Your spell library contained the following spells:

 Spells                   Type           Power      Damage    Failure   Level
 Summon Small Mammal      Summ           8%         N/A       19%         1
 Call Imp                 Summ           2%         N/A       28%         2
 Corpse Rot               Necr/Air       N/A        N/A       28%         2
 Call Canine Familiar     Summ           2%         N/A       50%         3
 Mephitic Cloud           Conj/Pois/Air  2%         N/A       50%         3
 Summon Guardian Golem    Hex/Summ       2%         N/A       50%         3
 Hailstorm                Conj/Ice       9%         3d4       58%         4
 Summon Ice Beast         Ice/Summ       9%         N/A       58%         4
 Summon Lightning Spire   Summ/Air       2%         N/A       88%         4
 Metabolic Englaciation   Hex/Ice        4%         N/A       91%         5
 Freezing Cloud           Conj/Ice/Air   3%         6-21      100%        6


Dungeon Overview and Level Annotations

Branches:
Dungeon (3/15)

Altars:


Innate Abilities, Weirdness & Mutations

You are resistant to damage.
You can heal yourself by infusing magical energy.
You passively map a small area around you.
You do not regenerate.


Message History

Confirm with . or Enter, or press ? or * to list all spells.
Aiming: Freeze (safe; 3% risk of failure)
Press: ? - help, Shift-Dir - straight line, f/p - orc priest
Aim: an orc priest, wielding a +0 short sword (lightly wounded)
You miscast Freeze.
You are very lightly contaminated with residual magic.
Nothing appears to happen.
You block the orc priest's attack.
Casting: Freeze (safe; 3% risk of failure)
Confirm with . or Enter, or press ? or * to list all spells.
Aiming: Freeze (safe; 3% risk of failure)
Press: ? - help, Shift-Dir - straight line, f/p - orc priest
Aim: an orc priest, wielding a +0 short sword (lightly wounded)
You freeze the orc priest.
The orc priest is lightly wounded.
The orc priest calls down the wrath of Beogh upon you.
You struggle to resist.
Unknown command.
Okay, then.
The orc priest hits you with a +0 short sword.
You block the orc's attack.
The orc priest invokes the aid of Beogh against you.
Pain shoots through your body!
You open the door. The orc barely misses you.
As you read the scroll labelled QAARHU FUGUETU, it crumbles to dust.
Your body is wracked with pain!
* * * LOW HITPOINT WARNING * * *
The orc convulses!
The orc priest convulses!
It was a scroll of torment.
The orc hits you with a +0 club.
The orc priest invokes the aid of Beogh against you.
Pain shoots through your body!
* * * LOW HITPOINT WARNING * * *
Your magical contamination has completely faded away.
You fail to use your ability.
The orc hits you with a +0 club.
* * * LOW HITPOINT WARNING * * *
The orc priest mumbles some strange prayers to Beogh against you.
Beogh smites you!
* * * LOW HITPOINT WARNING * * *
You fail to use your ability.
The orc hits you but does no damage.
The orc priest hits you with a +0 short sword.
You die...

..... .#..#####.## * * ####**
...## #.# *≈≈ o†<# ,....# #.# ≈*
########...# #.# ≈
..†........####'### *
########...##.....# ≈ ,
#.#.##.....####≈≈≈≈≈#
####'#..#...o....#≈≈≈≈≈# *
#.......#..o@....##≈≈≈≈## *
#.......###'#....##≈≈≈≈≈#
#.......)##.#....##≈≈≈≈≈####.
#......#.##.###...88≈≈≈≈≈88..
#####..<...#÷.#.#
#.h............
......##...##.#.#
#..............
......#######...####..88≈≈≈≈≈88.
..................#####..≈≈≈≈###
....#.......##..#.# #..≈≈≈≈≈#


You could see an orc priest, an orc and a jackal.

Vanquished Creatures
  4 adders
  2 worms
  4 dart slugs
  7 endoplasms
  4 giant cockroaches
  4 goblins (D:1)
  2 hobgoblins
  11 jackals
  4 kobolds
  A quokka (D:1)
  3 ball pythons
  7 bats
  A frilled lizard (D:3)
  7 rats
61 creatures vanquished.

Notes
Turn   | Place    | Note
-------+----------+-------------------------------------------
     0 | D:1      | Wyvernaa the Deep Dwarf Ice Elementalist began the quest
                  | for the Orb.
     0 | D:1      | Reached XP level 1. HP: 15/15 MP: 3/3
   249 | D:1      | Reached XP level 2. HP: 16/22 MP: 0/5
  1093 | D:1      | Found a faded altar of an unknown god.
  1237 | D:1      | Reached skill level 4 in Ice Magic
  1435 | D:1      | Reached XP level 3. HP: 16/30 MP: 3/6
  1731 | D:1      | Learned a level 3 spell: Ozocubu's Armour
  1735 | D:1      | Learned a level 3 spell: Frozen Ramparts
  2752 | D:2      | Reached XP level 4. HP: 29/37 MP: 4/7
  2931 | D:2      | Identified the Almanac of Lightness
  3301 | D:3      | Reached skill level 1 in Fighting
  4006 | D:3      | HP: 1/38 [orc priest/divine providence (5)]
  4007 | D:3      | Slain by an orc priest

Illustrated notes

Levels and vault maps discovered:
D:1:      lemuel_arrival_river_passageway, layout_basic,
          ebering_ecumenical_altar_sacrificial
D:2:      layout_basic
D:3:      wander_river, layout_basic, elyvilon_altar_1

Skill      XL: |  1  2  3  4 |
---------------+-------------+-----
Spellcasting   | 2 |  2.7
Ice Magic      | 4 |  4.5
Fighting       | 1 |  1.3
Short Blades   | |  0.1
Dodging        | |  2.6
Stealth        | |  2.5

Action                   |  1- 3 |  4- 6 || total
-------------------------+-------+-------++-------
Melee: Unarmed           |    38 |     1 ||    39
       Dagger            |       |     1 ||     1
 Cast: Freeze            |    61 |    47 ||   108
       Ozocubu's Armour  |     2 |       ||     2
 Abil: Heal Wounds       |     1 |     2 ||     3
  Use: Scroll            |     2 |     3 ||     5
Armor: Robe              |    13 |     4 ||    17
Dodge: Dodged            |    57 |    11 ||    68
Block: Other             |       |     5 ||     5
       Reflection        |       |     1 ||     1

Table legend: (Time is in decaauts)
 A = Elapsed time spent in this place.
 B = Non-inter-level travel time spent in this place.
 C = Inter-level travel time spent in this place.
 D = Time resting spent in this place.
 E = Time spent auto-exploring this place.
 F = Levels seen in this place.
 G = Mean time per level.
                   A        B        C        D        E       F      G
               +--------+--------+--------+--------+--------+-----+--------+
         Total |   4015 |   3981 |     34 |   1411 |   1510 |   3 | 1338.3 |
       Dungeon |   4015 |   3981 |     34 |   1411 |   1510 |   3 | 1338.3 |
               +--------+--------+--------+--------+--------+-----+--------+

Top non-repeatable levels by time:
     D:1: 2141 daAuts
     D:2: 1119 daAuts
     D:3: 755 daAuts
